AoeStats
← |GaoeG| flamingo

Arabia

508747743Analyzed
4v4 RM · 8d ago on Sep 23, 2026· 48m 52s· 8 players
Game mode
Random Map
Map size
Large (8 player)
Population
200
Speed
Normal
Resources
Standard
Victory
Conquest
Starting age
Dark Age
Ending age
Imperial Age
RankedLock teamsTeams togetherTeam positionsShared explorationLock speedFull tech treeHidden civsTurbo modeCheats
Victory
Defeat
🇺🇸 Persians · United States
1204
+17
1189
+18
🇬🇷 Britons · Greece
1184
+18
🇯🇵 Ethiopians · Japan
1114
+20
🇪🇸 Maya · Spain
1270
-20
🇪🇸 Vietnamese · Spain
1264
-20
🇪🇸 Persians · Spain
1215
-18
🇪🇸 Magyars · Spain
1152
-15
sj
10:39 Feudal Age
8:56 Loom
10:42 Feudal Age
15:27 Castle Age
15:34 Castle Age
13:42 Double-Bit Axe
14:59 Horse Collar
17:26 Bow Saw
20:46 Husbandry
23:30 Scale Barding Armor
25:11 Bloodlines
25:28 Chain Barding Armor
26:13 Forging
32:19 Wheelbarrow
32:38 Iron Casting
34:50 Hand Cart
37:10 Imperial Age
36:36 Heavy Plow
36:28 Gold Mining
36:28 Stone Mining
36:59 Cavalier
38:28 Plate Barding Armor
38:53 Blast Furnace
39:40 Savar
42:03 Blast Furnace
42:07 Town Watch
Apsoutonas
7:01 Loom
9:19 Feudal Age
9:50 Double-Bit Axe
13:50 Wheelbarrow
13:17 Fletching
17:42 Padded Archer Armor
23:15 Castle Age
24:27 Bow Saw
24:17 Bodkin Arrow
23:44 Crossbowman
25:43 Ballistics
27:52 Leather Archer Armor
32:29 Hand Cart
33:20 Gold Mining
38:33 Imperial Age
38:06 Yeomen
39:51 Conscription
39:39 Bracer
40:12 Arbalester
42:44 Stone Mining
43:47 Ring Archer Armor
44:25 Chemistry
46:03 Scale Mail Armor
46:13 Forging
46:55 Horse Collar
タタールが村に入った
5:43 Loom
8:57 Feudal Age
10:08 Double-Bit Axe
12:57 Scale Barding Armor
13:57 Forging
22:20 Castle Age
21:07 Bloodlines
22:21 Light Cavalry
29:14 Husbandry
35:33 Wheelbarrow
38:16 Imperial Age
37:06 Chain Barding Armor
38:13 Iron Casting
39:44 Conscription
39:16 Elite Keshik
41:21 Plate Barding Armor
42:46 Horse Collar
44:58 Blast Furnace
45:46 Gold Mining
45:53 Stone Mining
46:23 Heavy Plow
Papperation
9:59 Feudal Age
9:03 Loom
11:24 Double-Bit Axe
18:55 Fletching
24:21 Castle Age
23:29 Horse Collar
23:59 Padded Archer Armor
25:04 Bodkin Arrow
24:31 Crossbowman
26:10 Stone Mining
26:49 Leather Archer Armor
35:11 Imperial Age
38:37 Chemistry
37:42 Heavy Plow
38:04 Bow Saw
37:54 Arbalester
39:17 Ballistics
42:12 Siege Engineers
42:24 Thumb Ring
46:10 Torsion Engines
48:28 Halberdier
|GaoeG|esparza
0:27 Loom
9:36 Feudal Age
15:29 Fletching
20:08 Double-Bit Axe
25:29 Castle Age
23:35 Gold Mining
24:08 Padded Archer Armor
25:33 Crossbowman
26:12 Bodkin Arrow
29:06 Ballistics
30:23 Thumb Ring
39:43 Imperial Age
39:36 Leather Archer Armor
|GaoeG| Joseba77
6:00 Loom
9:01 Feudal Age
9:31 Double-Bit Axe
9:28 Horse Collar
20:41 Castle Age
18:43 Gold Mining
20:15 Bloodlines
20:49 Forging
20:44 Scale Barding Armor
29:06 Husbandry
30:39 Wheelbarrow
32:21 Chain Barding Armor
38:02 Iron Casting
43:59 Imperial Age
42:37 Hand Cart
41:45 Light Cavalry
43:45 Heavy Camel Rider
45:23 Plate Barding Armor
ErafaE
9:53 Feudal Age
10:30 Double-Bit Axe
12:11 Wheelbarrow
13:26 Bloodlines
23:17 Castle Age
24:25 Husbandry
27:11 Pikeman
33:56 Hand Cart
40:44 Bow Saw
40:17 Horse Collar
41:12 Heavy Plow
45:35 Elite Skirmisher
|GaoeG| flamingo
6:52 Loom
9:19 Feudal Age
10:08 Double-Bit Axe
12:11 Town Watch
16:06 Fletching
19:15 Wheelbarrow
22:25 Castle Age
20:55 Padded Archer Armor
23:36 Bow Saw
23:13 Horse Collar
24:47 Bodkin Arrow
24:41 Crossbowman
29:51 Ballistics
31:48 Thumb Ring
32:05 Leather Archer Armor
33:55 Gold Mining
34:08 Heavy Plow
35:05 Hand Cart
37:17 Stone Mining
40:04 Imperial Age
40:58 Bracer
41:14 Arbalester
42:28 Ring Archer Armor
43:00 Chemistry
48:26 Paper Money
Connection lost

Rejoining the realm…

Still unreachable

The connection could not be restored.

Session expired

The server has moved on; the page needs a fresh start.